 Dungeon Crawl Stone Soup version 0.29-a0-337-g68df138881 (webtiles) character file.

Game seed: 18381202755453259820

178827 Jortsu the Executioner (level 17, -3/148 (149) HPs)
             Began as a Hill Orc Fighter on Apr 16, 2022.
             Was the Champion of Beogh.
             Slain by a steelbarb worm (5 damage)
             ... led by a torpor snail
             ... on level 1 of the Spider Nest on Apr 17, 2022.
             The game lasted 01:29:49 (28483 turns).

Jortsu the Executioner (Hill Orc Fighter)          Turns: 28483, Time: 01:29:50

HP:   -3/148 (149)  AC: 21    Str: 27    XL:     17   Next: 88%
MP:   18/18         EV: 14    Int:  8    God:    Beogh [******]
Gold: 3169          SH:  8    Dex: 22    Spells: 16/16 levels left

rFire   + . .      SeeInvis .   O - +1 broad axe (flame)
rCold   . . .      Faith    .   c - +0 buckler
rNeg    + . .      Spirit   .   N - +2 chain mail {rF+}
rPois   +          Reflect  .   T - +0 helmet "Vohaytiss" {Dex+6}
rElec   +          Harm     .   (no cloak)
rCorr   .          Rampage  .   f - +1 pair of gloves "Unugun" {+Inv rElec Will+ Stlth+}
Will    ++...                   (no boots)
Stlth   +++.......              j - amulet of regeneration
HPRegen 1.14/turn               m - ring of positive energy
MPRegen 0.16/turn               K - ring of poison resistance

@: spiked, slowed, studying Short Blades, lightly drained, very slow
A: walk on water, thin skeletal structure 1, agile 1, frail 1, strong 1
}: 1/15 runes: decaying
a: Renounce Religion, Evoke Invisibility, Smiting, Recall Orcish Followers, Give
Item to Named Follower, Resurrection


You were on level 1 of the Spider Nest.
You worshipped Beogh.
Beogh was exalted by your worship.
You visited 5 branches of the dungeon, and saw 29 of its levels.
You also visited: Volcano.

You collected 3351 gold pieces.
You spent 182 gold pieces at shops.

Inventory:

Hand Weapons
 O - a +1 broad axe of flaming (weapon)
 Q - a +0 demon trident of flaming
Missiles
 r - 3 throwing nets (quivered)
Armour
 c - a +0 buckler (worn)
 f - the +1 pair of gloves "Unugun" (worn) {+Inv rElec Will+ Stlth+}
   (You acquired it on level 2 of the Dungeon)

   rElec:     It insulates you from electricity.
   +Inv:      It lets you turn invisible.
   Will:      It increases your willpower.
   Stlth:     It makes you more stealthy.
 l - a +3 scale mail of cold resistance
 N - a +2 chain mail of fire resistance (worn)
 T - the +0 helmet "Vohaytiss" (worn) {Dex+6}
   (You found it on level 5 of the Lair of Beasts)

   Dex:       It affects your dexterity (+6).
Jewellery
 a - a +6 ring of dexterity
 j - an amulet of regeneration (around neck)
 m - a ring of positive energy (left hand)
 p - an amulet of reflection
 A - the amulet "Kuss" {Acrobat Dex+3}
   (You found it on level 8 of the Dungeon)

   [amulet of the acrobat]

   It increases your evasion while moving and waiting.
   Dex:       It affects your dexterity (+3).
 F - a +4 ring of slaying
 J - the ring of Zeawi {Fly rC- Str+6 Dex+3}
   (You acquired it on level 4 of the Swamp)

   [ring of strength]

   Str:       It affects your strength (+6).
   Dex:       It affects your dexterity (+3).
   rC:        It makes you vulnerable to cold.
   Fly:       It grants you flight.
 K - a ring of poison resistance (right hand)
 R - a ring of see invisible
Wands
 o - a wand of polymorph (36)
 t - a wand of digging (8)
 x - a wand of mindburst (28)
 y - a wand of charming (13)
 z - a wand of flame (57)
 D - a wand of iceblast (36)
Scrolls
 d - 2 scrolls of fog
 i - 12 scrolls of teleportation
 n - 5 scrolls of holy word
 B - 4 scrolls of enchant armour
 H - a scroll of silence
 I - 2 scrolls of fear
 L - 2 scrolls of enchant weapon
 P - a scroll of magic mapping
 U - a scroll of brand weapon
 W - a scroll of summoning
Potions
 b - 5 potions of cancellation
 e - a potion of magic
 g - 11 potions of flight
 h - 5 potions of lignification
 k - 16 potions of curing
 s - 10 potions of haste
 u - 4 potions of berserk rage
 v - 2 potions of heal wounds
 w - 3 potions of mutation
 C - 2 potions of brilliance
 E - a potion of might
 G - 2 potions of resistance
 M - 3 potions of invisibility
 S - 4 potions of ambrosia
Miscellaneous
 X - a box of beasts


   Skills:
 + Level 18.9 Fighting
 + Level 0.8(1.0) Short Blades
 + Level 0.9(1.1) Long Blades
 + Level 21.7 Axes
 + Level 0.9(12.2) Maces & Flails
 + Level 0.9(12.2) Polearms
 + Level 0.6(1.1) Staves
 + Level 0.6(0.9) Slings
 + Level 0.6 Bows
 + Level 1.1 Crossbows
 + Level 0.6(0.9) Throwing
 + Level 18.0 Armour
 + Level 7.1 Dodging
 + Level 7.3 Stealth
 + Level 12.2 Shields
 + Level 0.9 Unarmed Combat
 + Level 0.4 Spellcasting
 + Level 0.8 Conjurations
 + Level 0.8 Hexes
 + Level 0.8 Summonings
 + Level 0.8 Necromancy
 + Level 0.5 Translocations
 + Level 0.4 Transmutations
 + Level 0.9 Fire Magic
 + Level 0.6 Ice Magic
 + Level 0.5 Air Magic
 + Level 0.8 Earth Magic
 + Level 0.6 Poison Magic
 + Level 2.4 Invocations
 + Level 0.8 Evocations


You had 16 spell levels left.
You didn't know any spells.
Your spell library contained the following spells:

 Spells                   Type           Power      Damage    Failure   Level
 Magic Dart               Conj           4%         1d3       75%         1
 Summon Small Mammal      Summ           4%         N/A       75%         1
 Apportation              Tloc           2%         N/A       77%         1
 Freeze                   Ice            4%         1d3       77%         1
 Scorch                   Fire           2%         2d5       86%         2
 Call Imp                 Summ           1%         N/A       87%         2
 Ensorcelled Hibernation  Hex/Ice        2%         N/A       87%         2
 Sublimation of Blood     Necr           1%         N/A       87%         2
 Blink                    Tloc           2%         N/A       88%         2
 Corpse Rot               Necr/Air       2%         N/A       88%         2
 Passwall                 Tmut/Erth      0%         N/A       88%         2
 Poisonous Vapours        Pois/Air       2%         N/A       88%         2
 Call Canine Familiar     Summ           1%         N/A       98%         3
 Frozen Ramparts          Ice            2%         1d2       98%         3
 Ignite Poison            Fire/Tmut/Pois 1%         N/A       98%         3
 Inner Flame              Hex/Fire       1%         N/A       98%         3
 Lesser Beckoning         Tloc           1%         N/A       98%         3
 Mephitic Cloud           Conj/Pois/Air  1%         N/A       98%         3
 Summon Guardian Golem    Hex/Summ       1%         N/A       98%         3
 Swiftness                Air            1%         N/A       98%         3
 Cause Fear               Hex            0%         N/A       100%        4
 Flame Wave               Conj/Fire      1%         2d4       100%        4
 Hailstorm                Conj/Ice       1%         3d3       100%        4
 Leda's Liquefaction      Hex/Erth       0%         N/A       100%        4
 Olgreb's Toxic Radiance  Pois           1%         N/A       100%        4
 Passage of Golubria      Tloc           1%         N/A       100%        4
 Agony                    Necr           1%         N/A       100%        5
 Alistair's Intoxication  Tmut/Pois      0%         N/A       100%        5
 Freezing Cloud           Conj/Ice/Air   0%         6-21      100%        5
 Lee's Rapid Deconstruct  Erth           0%         3d5*      100%        5
 Manifold Assault         Tloc           1%         N/A       100%        5
 Silence                  Hex/Air        0%         N/A       100%        5
 Statue Form              Tmut/Erth      0%         N/A       100%        6
 Summon Cactus Giant      Summ           0%         N/A       100%        6
 Ozocubu's Refrigeration  Ice            0%         4d5       100%        7
 Discord                  Hex            0%         N/A       100%        8
 Ignition                 Fire           0%         3d3       100%        8
 Lehudib's Crystal Spear  Conj/Erth      0%         10d2      100%        8
 Chain Lightning          Conj/Air       0%         2d1       100%        9
 Fire Storm               Conj/Fire      0%         6d1       100%        9
 Shatter                  Erth           0%         3d5*      100%        9


Dungeon Overview and Level Annotations

Branches:
Dungeon (15/15)            Temple (0/1) D:4            Lair (6/6) D:9
  Swamp (4/4) Lair:4       Spider (2/4) Lair:2        Slime (0/5) Lair:5
    Orc (2/2) D:11            Elf (0/3) Orc:2        Vaults (0/5) D:13
 Depths (0/4) D:15        Volcano (visited)

Altars:
Dithmenos
Elyvilon
Hepliaklqana
Qazlal
Ru
Sif Muna
Trog
Wu Jian
Xom
Zin
The Shining One
Beogh
Jiyva

Shops:
D:5 *   D:12 :   D:14 *   Orc:2 (*[(

Portals:
Trove: D:12 (give +2 gold dragon scales)

Annotations:
D:10 1 runed translucent door, Morbidden's ghost, journeyman DsFi


Innate Abilities, Weirdness & Mutations

You can walk on water.
You have a somewhat thin skeletal structure. (Dex +2, Stealth+)
You are agile. (Dex +2)
You are frail. (-10% HP)
Your muscles are strong. (Str +2)


Message History

You block the jumping spider's attack. The steelbarb worm barely misses you.
A redback comes into view.
The jumping spider pounces on you!
* * * LOW HITPOINT WARNING * * *
You are caught in a web!
The jumping spider bites you but does no damage.
The tarantella touches you but does no damage. x2
The jumping spider barely misses you.
The jumping spider completely misses you.
The steelbarb worm hits you but does no damage.
A redback comes into view.
The web tears apart.
The tarantella barely misses you. The jumping spider barely misses you.
You block the jumping spider's attack. You block the tarantella's attack.
The jumping spider leaps!
The steelbarb worm completely misses you.
The jumping spider pounces on you but does no damage.
The jumping spider bites you but does no damage.
You block the tarantella's attack.
The jumping spider pounces on Saint Roka!
The jumping spider bites Saint Roka but does no damage.
Saint Roka barely misses the jumping spider.
The torpor snail bites you but does no damage.
The steelbarb worm hits you.
* * * LOW HITPOINT WARNING * * *
Barbed spikes become lodged in your body.
The jumping spider completely misses you.
You block the jumping spider's attack. The tarantella completely misses you.
The jumping spider barely misses Saint Roka.
The jumping spider bites Saint Roka.
You slash the tarantella! You burn the tarantella.
You kill the tarantella!
Beogh accepts your kill.
You hit the jumping spider but do no damage.
You slash the steelbarb worm! You burn the steelbarb worm. You hit the redback.
You burn the redback. You hit the torpor snail. You burn the torpor snail.
The redback bites you but does no damage.
The jumping spider closely misses you.
The jumping spider bites you but does no damage.
The jumping spider leaps!
The steelbarb worm hits you.
You die...

... ..^ .##...# ####.###.
#...... .# ..##.#...
..#..# .##
#^...#.#.####.#..####.^
.....#.#.<...##..#....
####...####...[..##..
o#(..o..†#..#.#####.#
o##o.#.†o..##.s##w#s##
...o.#.#.†.#...°@sss.###
....####.###.#.s†w†o...#
......#####..#..####°!####
##'##### ##.##.#..#..#..#
##..#..## #. ..#....B..#
#...^...# ...####..##s.#
#..^^...# #. #...##).##
#...^...# .
##[^#y))####... ##.....##
#. #..#s##sH.....#


You could see a steelbarb worm, a torpor snail, 2 jumping spiders, a tarantella,
3 redbacks and the friendly Saint Roka (slow, drained).

Vanquished Creatures
  Nikola (Swamp:3)
  Kirke (Lair:6)
  A thorn hunter (Swamp:4)
  An emperor scorpion (Spider:1)
  2 ghouls (Swamp:4)
  3 bunyips
  4 eleionomae
  A red draconian (Volcano)
  28 hydras
  2 boulder beetles
  2 vault guards (D:13)
  2 rakshasas (D:15)
  Erolcha (D:9)
  A catoblepas (Lair:4)
  6 centaur warriors
  3 two-headed ogres
  4 alligators
  2 orc high priests (Orc:2)
  Nergalle (D:10)
  A spriggan berserker (Swamp:4)
  4 spriggans
  A sea snake (Lair:6)
  3 skeletal warriors (D:12)
  2 spriggan druids
  4 bog bodies
  9 swamp dragons
  Pikel (D:5)
  3 harpies (Lair:6)
  3 will-o-the-wisps
  15 ugly things
  An orc sorcerer (Orc:2)
  2 wolf spiders (Spider:1)
  7 slime creatures
  7 elephants
  A cyclops (D:15)
  A moth of wrath (Spider:1)
  4 manticores
  An eye of devastation (Lair:5)
  A black mamba (Lair:5)
  2 molten gargoyles (Volcano)
  10 cane toads
  A kobold demonologist (D:12)
  An unseen horror (D:11)
  4 komodo dragons
  A yaktaur (Volcano)
  3 rime drakes
  An efreet (D:14)
  4 trolls
  4 polar bears
  3 meliai
  2 hornets
  A tarantella (shapeshifter) (D:14)
  A tarantella (Spider:1)
  7 blink frogs
  Grinder (D:5)
  5 tyrant leeches
  5 dream sheep
  A dream sheep (shapeshifter) (D:15)
  2 jumping spiders (Spider:1)
  A vampire (D:11)
  A shadow (D:9)
  6 wraiths
  49 yaks
  2 wyverns
  2 fire bats (Volcano)
  2 hogs (Lair:6)
  10 vampire mosquitoes
  3 steam dragons
  8 redbacks
  Menkaure (D:6)
  A warg (Orc:1)
  Edmund (D:5)
  9 swamp worms
  6 swamp drakes
  An acid dragon (D:9)
  A floating eye (Lair:5)
  10 water moccasins
  6 orc warriors
  2 sky beasts
  An ice beast (D:8)
  A black bear (D:5)
  2 ogres
  11 wolves
  A boggart (D:15)
  11 centaurs
  2 phantoms
  A lemure (D:4)
  3 kobold brigands
  17 bullfrogs
  A gnoll sergeant (D:10)
  A scorpion (D:9)
  Blork the orc (D:5)
  5 necrophages
  3 wights (D:9)
  21 killer bees
  2 howler monkeys
  6 lava snakes (Volcano)
  7 orc priests
  2 hounds (D:5)
  8 jellies
  A gnoll shaman (D:8)
  Jessica (D:2)
  2 iguanas
  Ijyb (D:4)
  Natasha (thrice) (D:4)
  15 orc wizards
  5 adders
  20 gnolls
  A shadow imp (D:7)
  A white imp (D:6)
  4 worms
  2 dart slugs
  25 orcs
  4 ball pythons
  8 endoplasms
  6 giant cockroaches
  6 goblins
  6 hobgoblins
  9 jackals
  5 quokkas
  6 bats
  5 frilled lizards
  19 kobolds
  6 rats
  4 briar patches (Swamp:4)
590 creatures vanquished.

Vanquished Creatures (collateral kills)
  Saint Roka (Orc:2)
  A ghoul (Swamp:4)
  3 eleionomae
  2 bunyips
  A dire elephant (Lair:6)
  Snorg (D:13)
  A shambling mangrove (Swamp:4)
  Josephine (Orc:2)
  A rakshasa (D:15)
  13 hydras
  A jorogumo (Spider:1)
  2 orc knights (Swamp:1)
  A boulder beetle (Spider:1)
  2 centaur warriors (D:13)
  2 vault guards (D:13)
  2 ghost crabs
  A radroach (Spider:1)
  2 alligators
  A spriggan air mage (Swamp:3)
  A merfolk avatar (Lair:6)
  A death knight (D:14)
  3 two-headed ogres
  3 spriggans
  A deep elf knight (D:13)
  A glowing orange brain (D:15)
  4 goliath frogs
  2 spriggan druids
  A skeletal warrior (D:12)
  A sea snake (Lair:6)
  4 swamp dragons
  A phantasmal warrior (D:14)
  2 deep elf pyromancers (D:13)
  7 ugly things
  2 wolf spiders
  2 manticores (D:15)
  2 cyclopes (D:12)
  A will-o-the-wisp (Swamp:3)
  A black mamba (Lair:6)
  7 elephants
  A gargoyle (D:12)
  A torpor snail (Lair:6)
  An efreet (D:15)
  An unseen horror (D:12)
  4 cane toads
  A komodo dragon (Lair:4)
  2 rime drakes
  A freezing wraith (D:14)
  A queen bee (Lair:5)
  6 meliai
  8 hornets
  2 polar bears
  2 trolls (Orc:2)
  5 tyrant leeches
  2 tarantellas (Spider:1)
  A blink frog (shapeshifter) (D:13)
  9 blink frogs
  A snapping turtle (Lair:6)
  5 slime creatures
  5 dream sheep
  2 jumping spiders (Spider:1)
  5 wraiths
  3 culicivoras (Spider:1)
  A wyvern (Lair:5)
  13 yaks
  4 basilisks
  A hog (Lair:6)
  9 vampire mosquitoes
  3 redbacks (Spider:1)
  A steam dragon (Lair:6)
  A warg (Orc:1)
  10 swamp worms
  6 water moccasins
  4 swamp drakes
  A black bear (Lair:2)
  9 orc warriors
  2 ogres (Orc:2)
  5 wolves
  2 boggarts (D:15)
  A centaur (D:13)
  4 bullfrogs
  29 killer bees
  A howler monkey (D:14)
  An orc priest (Orc:1)
  5 orc wizards (Orc:2)
  8 orcs
  2 briar patches (Swamp:4)
278 creatures vanquished.

Vanquished Creatures (others)
  An orc warlord (Spider:1)
  3 orc sorcerers
  A vampire mage (D:15)
  4 orc knights
  2 hornets (Swamp:4)
  2 bloated husks (Swamp:2)
  14 orc warriors
  A jelly (D:6)
  8 orc priests
  11 orc wizards
  A white imp (D:7)
  55 orcs
  2 briar patches (Swamp:4)
  2 bushes
  10 foxfires
  60 fungi
  122 plants
299 creatures vanquished.

Grand Total: 1167 creatures vanquished

Notes
Turn   | Place    | Note
-------+----------+-------------------------------------------
     0 | D:1      | Jortsu the Hill Orc Fighter began the quest for the Orb.
     0 | D:1      | Reached XP level 1. HP: 19/19 MP: 1/1
    35 | D:1      | Found a faded altar of an unknown god.
   327 | D:1      | Reached XP level 2. HP: 24/27 MP: 2/2
   403 | D:1      | Reached skill level 3 in Axes
   931 | D:2      | Found an ornate altar of the Wu Jian Council.
   951 | D:2      | Reached XP level 3. HP: 33/33 MP: 3/3
  1379 | D:2      | Noticed Jessica
  1395 | D:2      | Killed Jessica
  1396 | D:2      | Reached skill level 4 in Axes
  1396 | D:2      | Reached XP level 4. HP: 23/40 MP: 4/4
  1861 | D:2      | Identified a scroll of acquirement
  1861 | D:2      | Acquired the +1 pair of gloves "Unugun" {+Inv rElec Will+
                  | Stlth+}
  2082 | D:2      | Reached skill level 5 in Axes
  2102 | D:3      | Reached XP level 5. HP: 39/46 MP: 5/5
  2597 | D:4      | Reached skill level 6 in Axes
  2854 | D:4      | Reached XP level 6. HP: 53/53 MP: 6/6
  2862 | D:4      | Found a staircase to the Ecumenical Temple.
  2862 | D:4      | Noticed Ijyb
  2883 | D:4      | Killed Ijyb
  2903 | D:4      | Noticed Natasha
  2934 | D:4      | Noticed Pikel
  2936 | D:4      | Killed Natasha
  2946 | D:5      | Entered Level 5 of the Dungeon
  2970 | D:5      | Reached skill level 7 in Axes
  3082 | D:5      | Found Zoefuc's General Store.
  3140 | D:5      | Noticed a water moccasin
  3152 | D:5      | Killed a water moccasin
  3153 | D:5      | Reached skill level 1 in Dodging
  3153 | D:5      | Reached XP level 7. HP: 53/60 MP: 7/7
  3360 | D:5      | Noticed Edmund
  3385 | D:5      | Killed Edmund
  3386 | D:5      | Reached skill level 8 in Axes
  3386 | D:5      | Reached skill level 5 in Armour
  3469 | D:5      | Noticed Blork the orc
  3475 | D:5      | Killed Blork the orc
  3618 | D:5      | Found a sacrificial altar of Ru.
  3696 | D:5      | Noticed Grinder
  3703 | D:5      | Reached skill level 5 in Fighting
  3713 | D:5      | Killed Grinder
  3714 | D:5      | Reached XP level 8. HP: 58/68 MP: 8/8
  4017 | D:5      | Reached skill level 9 in Axes
  4147 | D:5      | Killed Pikel
  4148 | D:5      | Reached skill level 10 in Axes
  4247 | D:4      | Reached skill level 5 in Shields
  4322 | D:4      | Noticed Natasha
  4327 | D:4      | Killed Natasha
  4366 | D:4      | Found a bloodstained altar of Trog.
  4404 | D:4      | Noticed Natasha
  4418 | D:4      | Killed Natasha
  4419 | D:4      | Reached XP level 9. HP: 71/75 MP: 9/9
  4877 | D:6      | Noticed Menkaure
  4891 | D:6      | Killed Menkaure
  4892 | D:6      | Reached skill level 11 in Axes
  4926 | D:6      | Became a worshipper of Beogh the Brigand
  5013 | D:6      | Found a shimmering blue altar of Sif Muna.
  5474 | D:7      | Reached skill level 12 in Axes
  5563 | D:7      | Found a white marble altar of Elyvilon.
  5600 | D:7      | Reached XP level 10. HP: 67/86 MP: 10/10
  5655 | D:7      | Reached * piety under Beogh
  6176 | D:8      | Found a viscous altar of Jiyva.
  6316 | D:8      | Identified the amulet "Kuss" {Acrobat Dex+3}
  6623 | D:8      | Found a stormy altar of Qazlal.
  6690 | D:8      | Acquired 361 gold pieces
  6863 | D:9      | Reached skill level 13 in Axes
  6983 | D:9      | Reached ** piety under Beogh
  6996 | D:9      | Found a shimmering altar of Xom.
  7007 | D:9      | Found a staircase to the Lair.
  7023 | D:10     | Entered Level 10 of the Dungeon
  7138 | D:9      | Reached skill level 1 in Stealth
  7145 | D:9      | Noticed Erolcha
  7207 | D:10     | Found a shadowy altar of Dithmenos.
  7214 | D:10     | Noticed a spriggan rider
  7215 | D:10     | Noticed Morbidden's ghost (journeyman DsFi)
  7216 | D:10     | Found a runed translucent door.
  7216 | D:10     | Identified the +9 spear of Huamaor {vorpal, Will- Str+7
                  | Stlth+}
  7251 | D:10     | Noticed a two-headed ogre
  7268 | D:10     | Killed a two-headed ogre
  7453 | D:10     | Reached XP level 11. HP: 49/95 MP: 11/11
  7459 | D:10     | Reached skill level 14 in Axes
  7488 | D:10     | You fall into a shaft and drop 2 floors!
  7494 | D:12     | Noticed a manticore
  7498 | D:12     | Killed a manticore
  7523 | D:12     | Noticed a four-headed hydra
  7534 | D:12     | Noticed a two-headed ogre
  7546 | D:12     | Killed a two-headed ogre
  7547 | D:12     | Acquired a manual of Armour
  7732 | D:10     | Reached *** piety under Beogh
  8044 | D:9      | Killed Erolcha
  8045 | D:9      | Reached skill level 15 in Axes
  8267 | D:9      | Found a shimmering altar of Xom.
  8381 | D:9      | Reached skill level 10 in Armour
  9046 | D:10     | Noticed a two-headed ogre
  9057 | D:10     | Killed a two-headed ogre
  9058 | D:10     | Reached skill level 10 in Fighting
  9058 | D:10     | Reached skill level 1 in Invocations
  9311 | D:11     | Noticed Nergalle
  9311 | D:11     | Noticed a manticore
  9311 | D:11     | Noticed a boulder beetle
  9317 | D:10     | Killed a manticore
  9485 | D:10     | Killed a boulder beetle
  9600 | D:10     | Killed Nergalle
  9601 | D:10     | Reached skill level 16 in Axes
  9601 | D:10     | Reached XP level 12. HP: 41/107 MP: 12/12
 10835 | D:11     | Found a staircase to the Orcish Mines.
 11230 | D:12     | Reached **** piety under Beogh
 11278 | D:12     | Reached skill level 17 in Axes
 11313 | D:12     | Found a portal to a secret trove of treasure.
 11411 | D:12     | Found a hazy altar of Hepliaklqana.
 11473 | D:12     | Found Tacvoox's Book Boutique.
 11509 | D:12     | Killed a five-headed hydra
 11692 | D:12     | Reached skill level 5 in Dodging
 11843 | Lair:1   | Entered Level 1 of the Lair of Beasts
 11960 | Lair:1   | Reached XP level 13. HP: 118/118 MP: 13/13
 12810 | Lair:2   | Gained Morguth as an ally
 12948 | Lair:2   | Found a hole to the Spider Nest.
 14084 | Lair:3   | Found a dark tunnel.
 14089 | Volcano  | Entered a volcano
 14346 | Volcano  | Found a bloodstained altar of Trog.
 14379 | Volcano  | Noticed a red draconian
 14394 | Volcano  | Killed a red draconian
 14747 | Lair:3   | Reached ***** piety under Beogh
 15151 | Lair:3   | Reached skill level 1 in Crossbows
 15151 | Lair:3   | Reached XP level 14. HP: 129/129 MP: 13/15
 15450 | Lair:4   | Reached skill level 18 in Axes
 16025 | Lair:4   | Found a staircase to the Swamp.
 16364 | Lair:4   | Gained mutation: You have a somewhat thin skeletal
                  | structure. (Dex +2, Stealth+) [potion of mutation]
 16364 | Lair:4   | Gained mutation: You tend to lose your temper in combat.
                  | [potion of mutation]
 16365 | Lair:4   | Lost mutation: You tend to lose your temper in combat.
                  | [potion of mutation]
 16365 | Lair:4   | Lost mutation: You have a somewhat thin skeletal structure.
                  | (Dex +2, Stealth+) [potion of mutation]
 16365 | Lair:4   | Gained mutation: Your muscles are strong. (Str +2) [potion
                  | of mutation]
 16365 | Lair:4   | Gained mutation: You have a somewhat thin skeletal
                  | structure. (Dex +2, Stealth+) [potion of mutation]
 16365 | Lair:4   | Gained mutation: You are frail. (-10% HP) [potion of
                  | mutation]
 16365 | Lair:4   | Gained mutation: You are agile. (Dex +2) [potion of
                  | mutation]
 16429 | Lair:5   | Found a staircase to the Slime Pits.
 16776 | Lair:5   | Gained Gorm as an ally
 16788 | Lair:5   | Reached XP level 15. HP: 85/124 MP: 16/16
 17060 | Lair:5   | Identified the +0 helmet "Vohaytiss" {Dex+6}
 17072 | Lair:5   | Reached skill level 15 in Armour
 17636 | Lair:6   | Entered Level 6 of the Lair of Beasts
 17881 | Lair:6   | Reached ****** piety under Beogh
 17968 | Lair:6   | Found the +7 captain's cutlass {speed, disarm}
 18061 | Lair:6   | Reached skill level 15 in Fighting
 18072 | Lair:6   | Reached skill level 19 in Axes
 18124 | Lair:6   | Noticed Kirke
 18138 | Lair:6   | Reached skill level 10 in Shields
 18140 | Lair:6   | Killed Kirke
 18857 | Orc:1    | Entered Level 1 of the Orcish Mines
 19023 | Orc:1    | Gained Morun as an ally
 19188 | Orc:2    | Entered Level 2 of the Orcish Mines
 19235 | Orc:2    | Found a roughly hewn altar of Beogh.
 19385 | Orc:2    | Noticed Josephine
 19393 | Orc:2    | Killed Josephine
 19393 | Orc:2    | Gained Milork as an ally
 19525 | Orc:2    | Found a roughly hewn altar of Beogh.
 19530 | Orc:2    | Gained Hilgar as an ally
 19546 | Orc:2    | Found a roughly hewn altar of Beogh.
 19547 | Orc:2    | Found Vuckih's Antique Weapon Shoppe.
 19592 | Orc:2    | Found a roughly hewn altar of Beogh.
 19702 | Orc:2    | Found a roughly hewn altar of Beogh.
 19704 | Orc:2    | Found Kanoomul's General Store.
 19715 | Orc:2    | Bought a potion of curing for 39 gold pieces
 19715 | Orc:2    | Bought a scroll of teleportation for 39 gold pieces
 19715 | Orc:2    | Bought a potion of invisibility for 104 gold pieces
 19877 | Orc:2    | Found a staircase to the Elven Halls.
 19915 | Orc:2    | Found Veyruy's Antique Weapon Boutique.
 19915 | Orc:2    | Noticed Saint Roka
 19916 | Orc:2    | Found a roughly hewn altar of Beogh.
 19919 | Orc:2    | Reached skill level 5 in Stealth
 19920 | Orc:2    | Found Rioreqoi's Antique Armour Shop.
 19932 | Orc:2    | Killed Saint Roka
 19932 | Orc:2    | Gained Horkud as an ally
 20354 | D:13     | Found a gate to the Vaults.
 20390 | D:13     | Reached XP level 16. HP: 55/135 MP: 17/17
 20724 | D:13     | Noticed Snorg
 20733 | D:13     | Killed Snorg
 21237 | D:14     | Gained Murdo as an ally
 21525 | D:14     | Your ally Murdo died
 21531 | D:14     | Your ally Horkud died
 21711 | D:14     | Found Ifexkuja's General Store.
 21891 | D:15     | Entered Level 15 of the Dungeon
 21971 | D:15     | Gained Beowulf as an ally
 22139 | D:15     | Reached skill level 20 in Axes
 22214 | D:15     | Found a staircase to the Depths.
 22262 | D:15     | Found a white marble altar of Elyvilon.
 22269 | D:15     | Found a glowing golden altar of the Shining One.
 22270 | D:15     | Found a glowing silver altar of Zin.
 23216 | Swamp:1  | Entered Level 1 of the Swamp
 23236 | Swamp:1  | Your ally Beowulf died
 23236 | Swamp:1  | Your ally Hilgar died
 23236 | Swamp:1  | Your ally Morguth died
 23237 | Swamp:1  | Your ally Morun died
 23240 | Swamp:1  | Gained Thorok as an ally
 23243 | Swamp:1  | Your ally Milork died
 23251 | Swamp:1  | Gained Wargath as an ally
 24685 | Swamp:2  | Your ally Wargath died
 25050 | Swamp:2  | Reached XP level 17. HP: 138/145 MP: 18/18
 25075 | Swamp:2  | Got Ikyruut's Guide on Clay and Sinister Rituals
 25548 | Swamp:3  | Found a white marble altar of Elyvilon.
 25898 | Swamp:3  | Your ally Morguth died
 25964 | Swamp:3  | Your ally Thorok died
 26299 | Swamp:3  | Noticed Nikola
 26312 | Swamp:3  | Killed Nikola
 26313 | Swamp:3  | Reached skill level 21 in Axes
 26739 | Swamp:4  | Entered Level 4 of the Swamp
 26977 | Swamp:4  | Acquired the ring of Zeawi {Fly rC- Str+6 Dex+3}
 27694 | Swamp:4  | Got a decaying rune of Zot
 28190 | Spider:1 | Entered Level 1 of the Spider Nest
 28312 | Spider:1 | Your ally Gorm died
 28317 | Spider:1 | HP: 7/149 [poisoned by a killer bee]
 28319 | Spider:1 | HP: 3/149 [jumping spider (1)]
 28321 | Spider:1 | Your ally Morguth died
 28324 | Spider:1 | HP: 3/149 [poisoned by a killer bee]
 28481 | Spider:1 | HP: 5/148 [jumping spider (8)]
 28482 | Spider:1 | HP: 1/148 [steelbarb worm[a torpor snail] (6)]
 28483 | Spider:1 | Slain by a steelbarb worm

Illustrated notes

Levels and vault maps discovered:
D:1:      ncdulo_lavacross, layout_basic, ebering_ecumenical_altar_mist,
          minivault_23, hangedman_glass_teeth, chequers_serial_rivers_small_b
D:2:      layout_rooms, basic_altar, uniq_jessica
D:3:      layout_loops_ring
D:4:      layout_gridville, trog_book, minmay_temple_entry_purple_smoke,
          uniq_pikel, uniq_ijyb, uniq_natasha
D:5:      minmay_razor_zed, layout_basic, nicolae_ru_path_of_blood,
          serial_shops, nicolae_take_the_stairs, hangedman_decor_points,
          supply_closet_lemuel, uniq_edmund, uniq_grinder, uniq_blork_the_orc
D:6:      layout_rooms, kennysheep_mini, hangedman_decor_clover_reticule,
          uniq_menkaure
D:7:      layout_loops_ring, elyvilon_altar_3, chequers_serial_rivers_room_a,
          minivault_14, minmay_circle_x
D:8:      layout_basic, nicolae_qazlal_general_emergency, jiyva_altar_1
D:9:      layout_basic, mainiacjoe_overflow_concentric_impassable,
          due_lair_maze_entry_diamond, kennysheep_flooded_box, uniq_erolcha
D:10:     layout_loops_ring, kennysheep_little_box, ebering_ghost_funeral_grove
D:11:     layout_layer_cave, orc_0_dummy, st_stairs_14, uniq_nergalle
D:12:     layout_rooms, serial_shops, shop_statue,
          nicolae_trove_entry_crossroad, worldfamousw_hep_ancestral_shrine
D:13:     layout_stronghold, lightli_vaults_fourway_checkpoint, uniq_snorg
D:14:     layout_irregular_city, wad_floor_pattern_2, serial_shops, shop
D:15:     gammafunk_enter_depths_forms, layout_loops_ring, good_gods_temple_1,
          hangedman_decor_push, minmay_misc_feat_four_crosses, nzn_life_drinkers
Lair:1:   layout_cellular_growth
Lair:2:   layout_loops_ring, spider_nest_entry_web_field, serial_bayou_shore_a
Lair:3:   layout_loops_ring, nicolae_volcano_entry_s_turn
Lair:4:   layout_cave_pods, palyth_hydra_swamp_entry, beast_lair_carwin_3
Lair:5:   regret_index_bee_streams, layout_regular_city,
          minmay_slime_entry_eyes, serial_bayou_shore_b
Lair:6:   gammafunk_lair_ancient_temple, layout_regular_city,
          nicolae_lair_grazing_beasts [nicolae_sub_lair_graze_edge,
          nicolae_sub_lair_graze_edge, nicolae_sub_lair_graze_edge,
          nicolae_sub_lair_graze_edge], uniq_kirke
Swamp:1:  layout_falls_marsh, evilmike_swamp_ruin_house_3, swamp_pool1,
          st_swamp_ruins_4
Swamp:2:  layout_basic_swamp, nicolae_swamp_round_clearing, swamp_pool4,
          infiniplex_staircase_pool_2
Swamp:3:  layout_falls_marsh, basic_altar, uniq_nikola
Swamp:4:  swamp_basic_johnstein, layout_basic_swamp
Spider:1: layout_spider_delve, special_room [special_room_bee],
          hellmonk_watch_for_rolling_rocks
Spider:2: layout_chambers, spiders_nest_hornet_nest
Orc:1:    layout_caves
Orc:2:    grunt_orc_community_town_hall, layout_diamond_mine,
          grunt_orc_community_big_house_1, grunt_orc_community_big_house_1,
          grunt_orc_community_house_3, grunt_orc_community_house_1,
          grunt_orc_community_house_2, grunt_orc_community_house_1,
          grunt_orc_community_house_1, basic_altar, uniq_josephine

Skill      XL: |  1  2  3  4  5  6  7  8  9 10 11 12 13 14 15 16 17 |
---------------+----------------------------------------------------+-----
Axes           | 3 4 5 6 7 8 10 12 13 16 17 18 19 20 21 | 21.7
Fighting       | 4 5 7 8 10 12 13 14 16 17 18 | 18.9
Armour         | 4 5 6 7 9 10 12 13 14 16 17 18 | 18.0
Dodging        | 1 2 3 4 5 6 7 |  7.1
Shields        | 4 5 6 7 8 9 10 11 12 | 12.2
Stealth        | 1 2 3 4 5 6 7 |  7.3
Invocations    | 1 2 |  2.4
Crossbows      | 1 |  1.1
Short Blades   | |  0.8
Long Blades    | |  0.9
Maces & Flails | |  0.9
Polearms       | |  0.9
Staves         | |  0.6
Slings         | |  0.6
Bows           | |  0.6
Throwing       | |  0.6
Unarmed Combat | |  0.9
Spellcasting   | |  0.4
Conjurations   | |  0.8
Hexes          | |  0.8
Summonings     | |  0.8
Necromancy     | |  0.8
Translocations | |  0.5
Transmutations | |  0.4
Fire Magic     | |  0.9
Ice Magic      | |  0.6
Air Magic      | |  0.5
Earth Magic    | |  0.8
Poison Magic   | |  0.6
Evocations     | |  0.8

Action                   |  1- 3 |  4- 6 |  7- 9 | 10-12 | 13-15 | 16-18 || total
-------------------------+-------+-------+-------+-------+-------+-------++-------
Melee: War axe           |    97 |   189 |   257 |   645 |   202 |       ||  1390
       Broad axe         |       |       |       |       |   505 |   590 ||  1095
Invok: Convert to Beogh  |       |       |     1 |       |       |       ||     1
       Smiting           |       |       |       |     2 |       |       ||     2
       Recall Orcish Fol |       |       |       |     1 |     7 |     7 ||    15
       Resurrection      |       |       |       |       |     1 |     2 ||     3
       Give Item to Name |       |       |       |       |     1 |       ||     1
  Use: Scroll            |     1 |     6 |     8 |    11 |     7 |     3 ||    36
       Potion            |       |       |     1 |     6 |     8 |     4 ||    19
 Stab: Invisible         |       |       |       |     3 |       |       ||     3
       Sleeping          |       |       |       |     1 |     3 |     9 ||    13
       Paralysed         |       |       |       |       |    10 |     7 ||    17
       Distracted        |       |       |       |       |     8 |    13 ||    21
       Petrifying        |       |       |       |       |     1 |       ||     1
       Confused          |       |       |       |       |       |     1 ||     1
Armor: Scale mail        |    59 |   107 |   119 |   237 |    75 |       ||   597
       Chain mail        |       |       |       |       |   221 |   376 ||   597
Dodge: Dodged            |    57 |   100 |   102 |   268 |   321 |   397 ||  1245
Block: Buckler           |    31 |    29 |    54 |   143 |   187 |   249 ||   693
       Reflection        |       |       |       |     5 |       |       ||     5

Table legend: (Time is in decaauts)
 A = Elapsed time spent in this place.
 B = Non-inter-level travel time spent in this place.
 C = Inter-level travel time spent in this place.
 D = Time resting spent in this place.
 E = Time spent auto-exploring this place.
 F = Levels seen in this place.
 G = Mean time per level.
                   A        B        C        D        E       F      G
               +--------+--------+--------+--------+--------+-----+--------+
         Total |  28157 |  26478 |   1679 |   3793 |  14853 |  30 |  938.6 |
       Dungeon |  14826 |  14090 |    736 |   1513 |   8781 |  15 |  988.4 |
          Lair |   6618 |   5876 |    742 |    239 |   3954 |   6 | 1103.0 |
         Swamp |   4654 |   4516 |    138 |   1853 |   1284 |   4 | 1163.5 |
   Spider Nest |    294 |    294 |      0 |    122 |     27 |   2 |  147.0 |
  Orcish Mines |   1198 |   1138 |     60 |      0 |    733 |   2 |  599.0 |
       Volcano |    565 |    565 |      0 |     66 |     73 |   1 |  565.0 |
               +--------+--------+--------+--------+--------+-----+--------+

Top non-repeatable levels by time:
    D:11: 1564 daAuts
 Swamp:2: 1548 daAuts
  Lair:4: 1539 daAuts
    D:10: 1529 daAuts
 Swamp:1: 1389 daAuts
     D:9: 1321 daAuts
     D:5: 1318 daAuts
 Swamp:4: 1220 daAuts
  Lair:5: 1200 daAuts
    D:13: 1043 daAuts
    D:15: 1004 daAuts
     D:2: 995 daAuts
  Lair:2: 993 daAuts
  Lair:3: 962 daAuts
  Lair:6: 961 daAuts
